 Seeded DCSS version 0.28-a0-1087-gf3fc490d9d (webtiles) character file.

Game seed: 20211211 (custom seed)

80 a11behringer the Chopper (level 4, -5/55 HPs)
             Began as a Palentonga Berserker on Dec 11, 2021.
             Was a Believer of Trog.
             Slain by a worm (8 damage)
             ... on level 2 of the Dungeon.
             The game lasted 00:04:10 (1702 turns).

a11behringer the Chopper (Palentonga Berserker)     Turns: 1702, Time: 00:04:11

Health: -5/55      AC:  4    Str: 22    XL:     4   Next: 18%
Magic:  4/4        EV: 10    Int:  8    God:    Trog [**....]
Gold:   69         SH:  0    Dex:  9    Spells: 3/3 levels left

rFire   . . .      SeeInvis +   a - +0 hand axe
rCold   . . .      Faith    .   (no shield)
rNeg    . . .      Spirit   .   b - +0 animal skin
rPois   .          Reflect  .   (no helmet)
rElec   .          Harm     .   (no cloak)
rCorr   .          Rampage  .   (no gloves)
Will    .....                   (no barding)
Stlth   ..........              (no amulet)
HPRegen 0.18/turn               e - ring of flight
MPRegen 0.09/turn               (no ring)

@: berserking, flying, very quick
A: large, rugged brown scales 3, see invisible, deformed body, roll 1, armoured
tail
a: Rolling Charge, Renounce Religion, Berserk, Trog's Hand


You were on level 2 of the Dungeon.
You worshipped Trog.
Trog was pleased with you.
You visited 1 branch of the dungeon, and saw 2 of its levels.

You collected 69 gold pieces.

Inventory:

Hand Weapons
 a - a +0 hand axe (weapon)
Armour
 b - a +0 animal skin (worn)
Jewellery
 e - a ring of flight (left hand)
Scrolls
 d - 3 scrolls of identify {unknown}
 f - a scroll of torment {unknown}
 h - a scroll of enchant weapon {unknown}
 m - a scroll of magic mapping {unknown}
Potions
 c - a potion of haste {unknown}
 g - a potion of ambrosia {unknown}
 i - a potion of attraction {unknown}
 j - a potion of mutation {unknown}
 k - a potion of magic {unknown}
 l - 2 potions of curing {unknown}


   Skills:
 + Level 3.2 Fighting
 * Level 4.4 Axes
 + Level 1.8 Armour
 + Level 2.0 Dodging


You had 3 spell levels left.
You didn't know any spells.
Your spell library was empty.

Dungeon Overview and Level Annotations

Branches:
Dungeon (2/15)

Altars:

Shops:
D:2 (


Innate Abilities, Weirdness & Mutations

You are completely covered in rugged brown scales. (AC +3, +7% HP)
You have supernaturally acute eyesight. (SInv)
Armour fits poorly on your strangely shaped body.
You can roll at nearby foes to attack.
You have a long armoured tail.


Message History

Trog accepts your kill.
You barely miss the endoplasm.
The endoplasm is severely wounded.
The endoplasm barely misses you.
The endoplasm hits you but does no damage.
You barely miss the endoplasm.
The endoplasm is severely wounded.
The endoplasm freezes you.
You are frozen.
You hit the endoplasm.
You kill the endoplasm!
Trog accepts your kill.
The giant cockroach bites you but does no damage.
You barely miss the giant cockroach.
Your tail-slap misses the giant cockroach.
The giant cockroach barely misses you.
You slash the giant cockroach!
You kill the giant cockroach!
Trog accepts your kill.
Your Dodging skill increases to level 2!
The dart slug bites you but does no damage.
The worm closely misses you.
Things that are here:
a hobgoblin corpse; a ball python corpse; an adder corpse You hit the dart slug.
You kill the dart slug!
Trog accepts your kill.
You barely miss the worm. The worm closely misses you.
Found 12 gold pieces.
Found a stone staircase leading down.
You completely miss the worm. The worm bites you!
* * * LOW HITPOINT WARNING * * *
You slash the worm!
The worm is moderately wounded.
The worm bites you!
* * * LOW HITPOINT WARNING * * *
You barely miss the worm.
The worm is moderately wounded.
A red film seems to cover your vision as you go berserk!
You feel yourself moving faster!
You feel mighty! The worm bites you!
You die...

##########.# #.#.#####
#>.........###..<.....
#.............#####
#.###.############
#.........#
#.###.###.# #.# ##†##
#.@w# ......#.#.#
.......$....
.#....#.#.....
......>........ .....
... ..... ..... .##
#.... ... >. $..


You could see a worm.

Vanquished Creatures
  3 adders (D:2)
  2 dart slugs
  5 ball pythons
  8 endoplasms
  2 giant cockroaches
  3 goblins
  4 hobgoblins
  4 jackals (D:1)
  A quokka (D:2)
  5 bats
  6 frilled lizards
  2 kobolds
  2 rats (D:1)
47 creatures vanquished.

Notes
Turn   | Place    | Note
-------+----------+-------------------------------------------
     0 | D:1      | a11behringer the Palentonga Berserker began the quest for
                  | the Orb.
     0 | D:1      | Reached XP level 1. HP: 19/19 MP: 1/1
   112 | D:1      | Reached XP level 2. HP: 25/25 MP: 2/2
   687 | D:1      | Reached XP level 3. HP: 26/31 MP: 3/3
  1100 | D:1      | Found a faded altar of an unknown god.
  1292 | D:2      | Reached ** piety under Trog
  1293 | D:2      | Reached skill level 4 in Axes
  1352 | D:2      | Found Ceq Unip's Weapon Shoppe.
  1684 | D:2      | Reached XP level 4. HP: 29/37 MP: 4/4
  1702 | D:2      | Slain by a worm

Illustrated notes

Levels and vault maps discovered:
D:1:      dpeg_arrival_connections, layout_basic,
          ebering_ecumenical_altar_petrified
D:2:      layout_loops_ring, serial_shops, nicolae_shop_bloodbath_and_beyond,
          minmay_lizard_pond

Skill      XL: |  1  2  3  4 |
---------------+-------------+-----
Axes           | 4 |  4.4
Dodging        | 2 |  2.0
Fighting       | |  3.2
Armour         | |  1.8

Action                   |  1- 3 |  4- 6 || total
-------------------------+-------+-------++-------
Melee: Hand axe          |   131 |    14 ||   145
       Tailslap          |    14 |     2 ||    16
Invok: Berserk           |       |     1 ||     1
 Stab: Sleeping          |     1 |       ||     1
Armor: Animal skin       |    64 |     6 ||    70
Dodge: Dodged            |    73 |     8 ||    81

Table legend: (Time is in decaauts)
 A = Elapsed time spent in this place.
 B = Non-inter-level travel time spent in this place.
 C = Inter-level travel time spent in this place.
 D = Time resting spent in this place.
 E = Time spent auto-exploring this place.
 F = Levels seen in this place.
 G = Mean time per level.
                   A        B        C        D        E       F      G
               +--------+--------+--------+--------+--------+-----+--------+
         Total |   1716 |   1521 |    195 |      0 |   1240 |   2 |  858.0 |
       Dungeon |   1716 |   1521 |    195 |      0 |   1240 |   2 |  858.0 |
               +--------+--------+--------+--------+--------+-----+--------+

Top non-repeatable levels by time:
     D:1: 1283 daAuts
     D:2: 433 daAuts
